 Dungeon Crawl Stone Soup version 0.23.2-40-g277498a001 (webtiles) character file.

Game seed: 8689550076581709153

4074 GreyFruit the Archer (level 10, -4/84 HPs)
             Began as a Centaur Hunter on Sept 14, 2019.
             Was a Priest of Okawaru.
             Slain by a killer bee (7 damage)
             ... on level 8 of the Dungeon.
             The game lasted 00:18:55 (9761 turns).

GreyFruit the Archer (Centaur Hunter)               Turns: 9761, Time: 00:18:56

Health: -4/84      AC: 13    Str: 18    XL:     10   Next: 5%
Magic:  10/10      EV: 10    Int: 10    God:    Okawaru [***...]
Gold:   396        SH:  0    Dex: 10    Spells: 9/9 levels left

rFire    . . .     SeeInvis .   a - +1 shortbow
rCold    . . .     Gourm    .   (shield currently unavailable)
rNeg     . . .     Faith    .   c - +0 leather armour
rPois    +         Spirit   .   (no helmet)
rElec    .         Reflect  .   u - +1 cloak
rCorr    .         Harm     .   x - +0 pair of gloves
MR       .....                  (no barding)
Stlth    +.........             y - amulet of the acrobat
HPRegen  0.24/turn              b - ring of poison resistance
MPRegen  0.12/turn              E - +5 ring of protection

@: flying, very quick
A: large, hooves 3, deformed body, speed 2, tough skin 3
a: Heroism, Renounce Religion


You were on level 8 of the Dungeon.
You worshipped Okawaru.
Okawaru was most pleased with you.
You were not hungry.

You visited 2 branches of the dungeon, and saw 9 of its levels.

You collected 396 gold pieces.

Inventory:

Hand Weapons
 a - a +1 shortbow (weapon)
 C - a +0 long sword
 D - a +2 flail of venom
Missiles
 G - 26 arrows (quivered)
Armour
 c - a +0 leather armour (worn)
 u - a +1 cloak (worn)
 x - a +0 pair of gloves (worn)
Jewellery
 b - a ring of poison resistance (left hand)
 y - an amulet of the acrobat (around neck)
 E - a +5 ring of protection (right hand)
 H - a +2 ring of strength
Wands
 e - a wand of iceblast (12)
Scrolls
 g - 2 scrolls of magic mapping {unknown}
 h - 4 scrolls of enchant weapon {unknown}
 i - 9 scrolls of identify {unknown}
 k - 7 scrolls of remove curse
 m - 2 scrolls of amnesia {unknown}
 n - 5 scrolls of fear {unknown}
 o - 2 scrolls of blinking {unknown}
 q - 2 scrolls of enchant armour {unknown}
 A - 5 scrolls of fog {unknown}
 B - a scroll of immolation {unknown}
 F - a scroll of holy word {unknown}
 K - a scroll of vulnerability {unknown}
Potions
 d - 7 potions of curing {unknown}
 j - a potion of agility {unknown}
 l - 2 potions of flight
 p - 2 potions of heal wounds {unknown}
 r - 3 potions of ambrosia {unknown}
 s - 3 potions of lignification {unknown}
 t - 3 potions of haste
 v - a potion of mutation {unknown}
 w - 2 potions of might {unknown}
 I - a potion of brilliance {unknown}
Comestibles
 f - 15 rations
 z - 2 chunks of flesh


   Skills:
 + Level 6.8 Fighting
   Level 0.7 Short Blades
 + Level 3.7 Maces & Flails
 + Level 13.6 Bows
 + Level 3.5 Armour
 + Level 3.5 Dodging
 - Level 0.4 Stealth


You had 9 spell levels left.
You didn't know any spells.
Your spell library was empty.

Dungeon Overview and Level Annotations

Branches:
Dungeon (8/15)             Temple (1/1) D:5
   Lair: D:8-11

Altars:
Ashenzari
Cheibriados
Dithmenos
Elyvilon
Fedhas
Gozag
Hepliaklqana
Kikubaaqudgha
Makhleb
Nemelex Xobeh
Okawaru
Qazlal
Ru
Sif Muna
Trog
Uskayaw
Vehumet
Wu Jian
Xom
Yredelemnul
The Shining One

Shops:
D:8 [

Annotations:
D:8 Prince Ribbit


Innate Abilities, Weirdness & Mutations

You have hooves in place of feet.
Armour fits poorly on your strangely shaped body.
You cover ground very quickly.
You have extremely tough skin. (AC +3)


Message History

You hear an angry buzzing noise.
Firing (i - inventory)
G - 28 arrows (quivered)
Press: ? - help, Shift-Dir - straight line, f/p - Prince Ribbit
Aim: Prince Ribbit (severely wounded)
You shoot an arrow. The arrow hits Prince Ribbit!
Prince Ribbit is almost dead.
Prince Ribbit mumbles some strange words.
Prince Ribbit looks slightly unstable.
Firing (i - inventory)
G - 27 arrows (quivered)
Press: ? - help, Shift-Dir - straight line, f/p - Prince Ribbit
Aim: Prince Ribbit (almost dead)
You shoot an arrow. The arrow hits Prince Ribbit.
Prince Ribbit is almost dead.
The killer bee stings you but does no damage.
Prince Ribbit hits you!
* * * LOW HITPOINT WARNING * * *
It was a potion of flight.
You feel very buoyant.
You fly up into the air.
The killer bee stings you!
You die...

........# ........### ##
..........##.##
#........#...###
##..............#
#..(##...........
##((>#.†..........
#.....##..#.......
####(.†..(@y.##......
#(###.....F.## ...... ...##
##..........## ..... ...#
#.)....####.# # .<... ...
#......###.... #....## ##..
###††###..#..((###?.#### ##...
##.##.###....##.###..##.###....
#...#..#......#.........##.....
#.......................##...y.


You could see Prince Ribbit and a killer bee.

Vanquished Creatures
  Grinder (D:5)
  A hippogriff (D:7)
  2 hungry ghosts
  4 orc warriors
  A sky beast (D:7)
  2 black bears (D:6)
  2 phantoms
  3 centaurs
  3 ogres
  Blork the orc (D:6)
  5 bullfrogs
  A wyvern zombie (D:8)
  6 scorpions
  6 killer bees (D:8)
  4 crimson imps
  A bullfrog zombie (D:6)
  A centaur zombie (D:5)
  7 orc priests
  2 hounds
  A jelly (D:8)
  A centaur skeleton (D:4)
  2 iguanas
  7 orc wizards
  2 worker ants
  A killer bee zombie (D:8)
  A mummy (D:7)
  2 worker ant zombies (D:7)
  6 adders
  2 shadow imps
  2 adder skeletons
  3 adder zombies
  2 worms
  4 dart slugs
  4 leopard geckos
  42 orcs
  5 giant cockroaches
  8 goblins
  10 hobgoblins
  19 jackals
  3 quokkas
  2 ball pythons
  15 bats
  6 frilled lizards
  A giant cockroach zombie (D:3)
  4 kobolds
  2 quokka zombies
  3 rats
213 creatures vanquished.

Notes
Turn   | Place    | Note
-------+----------+-------------------------------------------
     0 | D:1      | GreyFruit the Centaur Hunter began the quest for the Orb.
     0 | D:1      | Reached XP level 1. HP: 17/17 MP: 1/1
   122 | D:1      | Reached XP level 2. HP: 24/24 MP: 2/2
   212 | D:1      | Reached skill level 6 in Bows
   473 | D:1      | Reached XP level 3. HP: 16/29 MP: 3/3
  1413 | D:2      | Reached XP level 4. HP: 30/37 MP: 4/4
  1817 | D:3      | Reached skill level 1 in Armour
  1832 | D:3      | Found an opulent altar of Gozag.
  2012 | D:3      | Reached skill level 7 in Bows
  2014 | D:3      | Reached XP level 5. HP: 42/42 MP: 5/5
  2807 | D:4      | Noticed a phantom
  2826 | D:4      | Killed a phantom
  2826 | D:4      | Reached XP level 6. HP: 43/50 MP: 6/6
  3027 | D:4      | Reached skill level 8 in Bows
  3508 | D:5      | Entered Level 5 of the Dungeon
  3875 | D:5      | Reached XP level 7. HP: 43/57 MP: 7/7
  3936 | D:5      | Found a white marble altar of Elyvilon.
  4046 | D:5      | Reached skill level 9 in Bows
  4047 | D:5      | Found a staircase to the Ecumenical Temple.
  4161 | Temple   | Entered the Ecumenical Temple
  4327 | D:5      | Found an iron altar of Okawaru.
  4332 | D:5      | Became a worshipper of Warmaster Okawaru
  4818 | D:5      | Noticed Grinder
  4838 | D:5      | Killed Grinder
  4838 | D:5      | Reached * piety under Okawaru
  4838 | D:5      | Reached skill level 10 in Bows
  4838 | D:5      | Reached XP level 8. HP: 16/66 MP: 8/8
  5363 | D:6      | Found a hazy altar of Hepliaklqana.
  5575 | D:6      | Reached skill level 11 in Bows
  5651 | D:6      | Noticed Blork the orc
  5659 | D:6      | Killed Blork the orc
  5660 | D:6      | Found a basalt altar of Yredelemnul.
  5902 | D:6      | Found a bloodstained altar of Trog.
  5910 | D:6      | Reached skill level 5 in Fighting
  6270 | D:7      | Reached skill level 12 in Bows
  6272 | D:7      | Reached ** piety under Okawaru
  6627 | D:7      | Reached XP level 9. HP: 49/74 MP: 9/9
  6747 | D:7      | Reached skill level 1 in Maces & Flails
  6768 | D:7      | Reached skill level 13 in Bows
  8108 | D:7      | Reached *** piety under Okawaru
  8356 | D:7      | Found a snail-covered altar of Cheibriados.
  8598 | D:7      | Found a blossoming altar of Fedhas.
  8911 | D:8      | Found Huap Cil's Antique Armour Emporium.
  9442 | D:8      | Noticed Prince Ribbit
  9703 | D:8      | Reached XP level 10. HP: 64/84 MP: 10/10
  9760 | D:8      | HP: 3/84 [Prince Ribbit (17)]
  9761 | D:8      | Slain by a killer bee

Skill      XL: |  1  2  3  4  5  6  7  8  9 |
---------------+----------------------------+-----
Bows           | 6 7 8 10 12 13 | 13.6
Armour         | 1 2 3 |  3.5
Dodging        | 2 3 |  3.5
Fighting       | 3 4 5 6 |  6.8
Maces & Flails | 3 |  3.7
Short Blades   | |  0.7
Stealth        | |  0.4

Action                   |  1- 3 |  4- 6 |  7- 9 | 10-12 || total
-------------------------+-------+-------+-------+-------++-------
Melee: Short sword       |   107 |   130 |       |       ||   237
       Kick              |    18 |    27 |    27 |       ||    72
       Flail             |       |       |   107 |       ||   107
       Shortbow          |       |       |     1 |       ||     1
 Fire: Shortbow          |    86 |   105 |   422 |    28 ||   641
  Use: Scroll            |     1 |       |     2 |       ||     3
       Potion            |       |       |       |     1 ||     1
  Eat: Chunk             |     1 |     6 |    13 |     1 ||    21
       Ration            |       |       |     1 |       ||     1
Armor: Leather armour    |    85 |    64 |    76 |     1 ||   226
Dodge: Dodged            |    87 |    68 |   174 |     1 ||   330
